 Dungeon Crawl Stone Soup version 0.27-a0-1245-g940ed4fa31 (webtiles) character file.

Game seed: 15908114511461806183

490 polve the Skirmisher (level 6, -2/51 HPs)
             Began as a Demonspawn Abyssal Knight on June 9, 2021.
             Was a Believer of Lugonu.
             Slain by an iguana (11 damage)
             ... on level 5 of the Dungeon.
             The game lasted 00:04:31 (4961 turns).

polve the Skirmisher (Demonspawn Abyssal Knight)    Turns: 4961, Time: 00:04:32

Health: -2/51      AC: 11    Str: 14    XL:     6   Next: 90%
Magic:  7/7        EV:  5    Int: 14    God:    Lugonu [**....]
Gold:   154        SH:  0    Dex: 18    Spells: 5/5 levels left

rFire    . . .     SeeInvis .   b - +2 dagger (pain)
rCold    . . .     Faith    .   (no shield)
rNeg     . . .     Spirit   .   e - +0 plate armour
rPois    .         Reflect  .   (no helmet)
rElec    .         Harm     .   d - +0 cloak
rCorr    .         Rampage  .   (no gloves)
Will     .....                  (no boots)
Stlth    ..........             (no amulet)
HPRegen  0.17/turn              s - +6 ring of dexterity
MPRegen  0.10/turn              (no ring)

@: no status effects
A: claws 1, powered by death 1, sturdy frame 1
a: Renounce Religion, Depart the Abyss, Bend Space


You were on level 5 of the Dungeon.
You worshipped Lugonu.
Lugonu was pleased with you.
You visited 1 branch of the dungeon, and saw 5 of its levels.
You visited the Abyss 1 time.

You collected 154 gold pieces.

Inventory:

Hand Weapons
 a - a +2 dagger of venom
 b - a +2 dagger of pain (weapon)
Armour
 d - a +0 cloak (worn)
 e - a +0 plate armour (worn)
 t - a +0 helmet
Jewellery
 s - a +6 ring of dexterity (left claw)
 w - a +6 ring of dexterity
Scrolls
 f - a scroll of fear {unknown}
 i - a scroll of noise {unknown}
 j - a scroll of torment {unknown}
 k - a scroll of enchant weapon {unknown}
 l - a scroll of magic mapping {unknown}
 m - a scroll of enchant armour {unknown}
 o - a scroll of immolation {unknown}
 r - 2 scrolls of amnesia {unknown}
 u - a scroll of teleportation {unknown}
 v - a scroll of identify {unknown}
Potions
 c - 3 potions of attraction {unknown}
 g - a potion of might {unknown}
 h - a potion of lignification
 n - 5 potions of curing {unknown}
 p - a potion of ambrosia {unknown}
 q - a potion of mutation {unknown}


   Skills:
 + Level 5.2 Fighting
 - Level 4.0 Short Blades
 - Level 1.7 Armour
 - Level 0.8 Dodging
 + Level 3.0 Unarmed Combat
 * Level 2.2 Necromancy
 - Level 2.4 Invocations


You had 5 spell levels left.
You didn't know any spells.
Your spell library contained the following spells:

 Spells                   Type           Power      Damage    Failure   Level
 Shock                    Conj/Air       0%         1d3       100%        1
 Static Discharge         Conj/Air       0%         N/A       100%        2
 Swiftness                Air            0%         N/A       100%        3
 Airstrike                Air            0%         N/A       100%        4
 Lightning Bolt           Conj/Air       0%         1d11      100%        5


Dungeon Overview and Level Annotations

Branches:
Dungeon (5/15)
 Temple: D:4-7

Altars:
Cheibriados


Innate Abilities, Weirdness & Mutations

You have sharp fingernails.
You regenerate a little health from kills.
Your movements are slightly less encumbered by armour. (ER -2)


Message History

You are too injured to fight recklessly!
You are too injured to fight recklessly!
You are too injured to fight recklessly!
You are too injured to fight recklessly!
You are too injured to fight recklessly!
You are too injured to fight recklessly!
You are too injured to fight recklessly!
You are too injured to fight recklessly!
You are too injured to fight recklessly!
You are too injured to fight recklessly!
You hit the iguana but do no damage.
The iguana writhes in agony.
The iguana is moderately wounded.
The iguana bites you!
You hit the iguana.
The iguana is moderately wounded.
You barely miss the iguana.
The iguana is moderately wounded.
The iguana bites you.
You hit the iguana but do no damage.
The iguana is moderately wounded.
The iguana bites you.
You hit the iguana.
The iguana is heavily wounded.
The iguana bites you but does no damage.
You closely miss the iguana.
The iguana is heavily wounded.
The iguana completely misses you.
You hit the iguana.
The iguana writhes in agony.
The iguana is severely wounded.
You completely miss the iguana.
The iguana is severely wounded.
The iguana barely misses you.
You hit the iguana.
The iguana writhes in agony.
The iguana is almost dead.
The iguana bites you!
* * * LOW HITPOINT WARNING * * *
You hit the iguana but do no damage.
The iguana is almost dead.
The iguana bites you!
You die...

#######.#############
....................#
#######.###########.#
#.......... #.#
#.#[######. #.# #
#.#.# #.# #.#.#.# #.#
.#.#...#.# #.#
........@# #.#
.#####+#l# #.#### ...
#..... ..... ######
....... ........#
.........#
...........


You could see an iguana.

Vanquished Creatures
  A small abomination (Abyss:1)
  An orc warrior (D:3)
  A scorpion (D:4)
  3 orc wizards
  Robin (D:4)
  6 adders
  3 worms
  A dart slug (D:3)
  3 orcs
  4 bats
  An endoplasm (D:1)
  4 giant cockroaches (D:1)
  12 goblins
  14 hobgoblins
  7 jackals
  4 kobolds
  A ball python (D:1)
  A frilled lizard (D:1)
  3 rats
71 creatures vanquished.

Notes
Turn   | Place    | Note
-------+----------+-------------------------------------------
     0 | Abyss:1  | polve the Demonspawn Abyssal Knight began the quest for the
                  | Orb.
     0 | Abyss:1  | Reached XP level 1. HP: 18/18 MP: 2/2
    73 | Abyss:1  | Noticed a small abomination
    85 | Abyss:1  | Noticed a large abomination
    89 | Abyss:1  | Killed a small abomination
    90 | Abyss:1  | Gained mutation: You have sharp fingernails. [demonic
                  | ancestry]
    90 | Abyss:1  | Reached XP level 2. HP: 17/25 MP: 3/3
    90 | Abyss:1  | Gained mutation: Your movements are slightly less
                  | encumbered by armour. (ER -2) [demonic ancestry]
    90 | Abyss:1  | Reached XP level 3. HP: 21/30 MP: 4/4
    90 | Abyss:1  | Gained mutation: You regenerate a little health from kills.
                  | [demonic ancestry]
    90 | Abyss:1  | Reached XP level 4. HP: 26/37 MP: 5/5
    90 | D:1      | Escaped the Abyss
   304 | D:1      | Reached * piety under Lugonu
   791 | D:1      | Found a faded altar of an unknown god.
  1100 | D:2      | Reached XP level 5. HP: 30/42 MP: 6/6
  1156 | D:2      | Reached skill level 4 in Fighting
  1210 | D:2      | Reached skill level 1 in Unarmed Combat
  1362 | D:2      | Reached ** piety under Lugonu
  1797 | D:2      | Found a snail-covered altar of Cheibriados.
  2440 | D:3      | Found a snail-covered altar of Cheibriados.
  2784 | D:4      | Noticed an orc warrior
  2808 | D:3      | Killed an orc warrior
  2809 | D:3      | Reached XP level 6. HP: 32/50 MP: 7/7
  3539 | D:4      | Reached skill level 5 in Fighting
  3539 | D:4      | Reached skill level 1 in Necromancy
  3905 | D:4      | Noticed Robin
  3988 | D:4      | Killed Robin
  4537 | D:5      | Entered Level 5 of the Dungeon
  4961 | D:5      | Slain by an iguana

Illustrated notes

Levels and vault maps discovered:
D:1:      dpeg_chamrin_arrival_tetris, layout_basic,
          hellmonk_ecumenical_altar_leap_of_faith, palyth_stone_intersect,
          minmay_pentomino_z4
D:2:      layout_basic, basic_altar
D:3:      layout_loops_ring, nicolae_overflow_crystal_walls
D:4:      layout_loops_corners, uniq_robin
D:5:      layout_basic, temple_statues, serial_shops, shop

Skill      XL: |  1  2  3  4  5  6 |
---------------+-------------------+-----
Short Blades   | 4 |  4.0
Fighting       | 4 5 |  5.2
Unarmed Combat | 2 3 |  3.0
Necromancy     | 2 |  2.2
Armour         | |  1.7
Dodging        | |  0.8
Invocations    | |  2.4

Action                   |  1- 3 |  4- 6 || total
-------------------------+-------+-------++-------
Melee: Unarmed           |    11 |    11 ||    22
       Short sword       |       |   241 ||   241
       Punch             |       |     2 ||     2
       Dagger            |       |   142 ||   142
Invok: Depart the Abyss  |       |     1 ||     1
  Use: Potion            |     1 |     1 ||     2
Armor: Skin              |    10 |     4 ||    14
       Plate armour      |       |   189 ||   189
       Leather armour    |       |    26 ||    26
Dodge: Dodged            |       |   112 ||   112

Table legend: (Time is in decaauts)
 A = Elapsed time spent in this place.
 B = Non-inter-level travel time spent in this place.
 C = Inter-level travel time spent in this place.
 D = Time resting spent in this place.
 E = Time spent auto-exploring this place.
 F = Levels seen in this place.
 G = Mean time per level.
                   A        B        C        D        E       F      G
               +--------+--------+--------+--------+--------+-----+--------+
         Total |   4901 |   4754 |    147 |     38 |   3992 |   6 |  816.8 |
       Dungeon |   4812 |   4665 |    147 |     38 |   3921 |   5 |  962.4 |
         Abyss |     89 |     89 |      0 |      0 |     71 |   1 |   89.0 |
               +--------+--------+--------+--------+--------+-----+--------+

Top non-repeatable levels by time:
     D:4: 1856 daAuts
     D:1: 982 daAuts
     D:2: 967 daAuts
     D:3: 869 daAuts
     D:5: 136 daAuts
 Abyss:1: 89 daAuts
